 Dungeon Crawl Stone Soup version 0.19-a0-1292-g796ee4d (webtiles) character file.

480 Cath the Grave Robber (level 6, -7/49 HPs)
             Began as a Deep Dwarf Necromancer on Aug 30, 2016.
             Was an Initiate of Makhleb.
             Mangled by Duvessa
             ... wielding a +0 short sword
              (8 damage)
             ... on level 4 of the Dungeon.
             The game lasted 00:22:47 (4405 turns).

Cath the Grave Robber (Deep Dwarf Necromancer)      Turns: 4405, Time: 00:22:47

Health: -7/49      AC:  4    Str: 12    XL:     6   Next: 86%
Magic:  1/10       EV:  2    Int: 17    God:    Makhleb [......]
Gold:   266        SH:  0    Dex: -25 (13)Spells: 3 memorised, 4 levels left

rFire  . . .     SeeInvis .     k - +0 short sword
rCold  . . .     Gourm    .     a - +0 robe
rNeg   . . .     Faith    .     (no shield)
rPois  .         Spirit   .     (no helmet)
rElec  .         Dismiss  .     j - +0 cloak
rCorr  .         Reflect  .     q - +0 pair of gloves
MR     .....     Harm     .     (no boots)
Stlth  ..........               (no amulet)
                                (no ring)
                                o - ring of loudness

@: non-regenerating, slowed, lost dexterity, very slow
A: damage resistance, recharge devices, sense surroundings 1, slow regeneration
3
a: Device Recharging, Renounce Religion


You were on level 4 of the Dungeon.
You worshipped Makhleb.
Makhleb was noncommittal.
You were not hungry.

You visited 2 branches of the dungeon, and saw 9 of its levels.

You collected 266 gold pieces.

Inventory:

Hand Weapons
 k - a +0 short sword (weapon)
Armour
 a - a +0 robe (worn)
 j - a +0 cloak (worn)
 q - a +0 pair of gloves (worn)
Jewellery
 o - a ring of loudness (left hand)
 x - an uncursed amulet of magic regeneration {unknown}
 C - a +3 ring of protection {unknown}
Wands
 c - a wand of heal wounds (2/9)
Scrolls
 e - a scroll of identify
 g - a scroll of blinking {unknown}
 h - 3 scrolls of remove curse
 p - a scroll of fear
 y - a scroll of enchant armour {unknown}
 D - a scroll of noise {unknown}
Potions
 m - a potion of heal wounds
 r - a potion of might
 s - a potion of invisibility
 t - a potion of haste
 u - a potion of cancellation
 w - a potion of brilliance
 B - a potion of mutation
Books
 b - a book of Necromancy

   Spells                             Type                      Level
   a - Pain                           Necromancy                   1
   b - Animate Skeleton               Necromancy                   1
   c - Vampiric Draining              Necromancy                   3
   d - Regeneration                   Charms/Necromancy            3
   e - Animate Dead                   Necromancy                   4
   f - Control Undead                 Necromancy                   4
 E - a book of Death

   Spells                             Type                      Level
   a - Corpse Rot                     Necromancy                   2
   b - Sublimation of Blood           Necromancy                   2
   c - Agony                          Necromancy                   5
   d - Dispel Undead                  Necromancy                   5
   e - Excruciating Wounds            Charms/Necromancy            5
   f - Bolt of Draining               Conjuration/Necromancy       5
Comestibles
 d - 2 bread rations
 v - a meat ration
 z - 2 beef jerkies
 A - 7 fruits


   Skills:
 - Level 2.1 Dodging
 - Level 2.4 Stealth
 + Level 3.7 Spellcasting
 * Level 7.9 Necromancy


You had 4 spell levels left.
You knew the following spells:

 Your Spells              Type           Power        Failure   Level  Hunger
a - Pain                  Necr           ####         1%          1    None
b - Vampiric Draining     Necr           ####......   1%          3    ###....
c - Animate Dead          Necr           N/A          10%         4    ####...


Dungeon Overview and Level Annotations

Branches:
Dungeon (8/15)             Temple (1/1) D:4
   Lair: D:8-11

Altars:
Ashenzari
Cheibriados
Dithmenos
Elyvilon
Fedhas
Gozag
Hepliaklqana
Kikubaaqudgha
Makhleb
Nemelex Xobeh
Okawaru
Qazlal
Ru
Sif Muna
Trog
Uskayaw
Vehumet
Xom
Yredelemnul
Zin
The Shining One

Annotations:
D:4 Dowan, Duvessa
D:5 Menkaure, Sigmund


Innate Abilities, Weirdness & Mutations

You are resistant to damage.
You can recharge devices by infusing magical energy.
You passively map a small area around you.
You do not regenerate.


Message History

Aim: Duvessa, wielding a short sword and wearing a scale mail (lightly wounded, berserk, fast, unusually strong) Duvessa is moderately wounded.
You feel life coursing into your body. Duvessa hits you with a short sword!
Duvessa hits you with a short sword.
Casting: Vampiric Draining
Confirm with . or Enter, or press ? or * to list all spells.
Aiming: Vampiric Draining
Press: ? - help, Shift-Dir - straight line, f/p - Duvessa
Aim: Duvessa, wielding a short sword and wearing a scale mail (moderately wounded, berserk, fast, unusually strong) Duvessa is heavily wounded.
You feel life coursing into your body. Duvessa hits you with a short sword.
Duvessa hits you with a short sword!
Casting: Vampiric Draining
Confirm with . or Enter, or press ? or * to list all spells.
You don't have enough magic to cast that spell.
Okay, then.
Duvessa hits you with a short sword!!
* * * LOW HITPOINT WARNING * * *
Duvessa hits you with a short sword!
You die...

, ,
#.......######............
* #.e.....# #..........##
.. * #.......#
#..........# ...*
#.......# #..(.......#
e...#####.####
#..........# .......##.##
##.##.###### , #..#..###
#.##.#### **
##......#######.##....#
#####..e@...##.###...#
##.####.##..##..<# # **
#.# #..........# #
###.#####.......######
#......##.##.##....)..
#.........##.####.....
#.......####.###...##. ,
** #......## #.....##### *
* #......# #.>####


You could see Duvessa (berserk).

Vanquished Creatures
  An ice beast (D:5)
  A quasit (D:6)
  A giant frog skeleton (D:4)
  A hound (D:6)
  An orc wizard (D:2)
  A jelly (D:7)
  A centaur skeleton (D:6)
  Natasha (thrice) (D:2)
  A worker ant (D:5)
  5 adders
  A worm (D:3)
  2 giant geckos
  10 orcs
  5 bats
  3 giant cockroaches
  10 goblins
  2 hobgoblins
  5 jackals
  A quokka (D:2)
  4 ball pythons
  6 giant newts
  6 kobolds
  7 rats
78 creatures vanquished.

Notes
Turn   | Place    | Note
-------+----------+-------------------------------------------
     0 | D:1      | Cath the Deep Dwarf Necromancer began the quest for the Orb.
     0 | D:1      | Reached XP level 1. HP: 15/15 MP: 3/3
   380 | D:1      | Reached XP level 2. HP: 22/22 MP: 3/5
   769 | D:2      | Reached skill level 5 in Necromancy
   823 | D:2      | Reached XP level 3. HP: 26/28 MP: 4/6
  1271 | D:2      | Noticed Natasha
  1280 | D:2      | Killed Natasha
  1280 | D:2      | Reached XP level 4. HP: 34/36 MP: 0/7
  1471 | D:2      | Learned a level 3 spell: Vampiric Draining
  1506 | D:2      | Noticed Natasha
  1512 | D:2      | Killed Natasha
  1512 | D:2      | Reached skill level 6 in Necromancy
  1705 | D:2      | Reached XP level 5. HP: 35/42 MP: 0/9
  1716 | D:2      | Noticed Natasha
  1786 | D:2      | Killed Natasha
  3072 | D:4      | Reached skill level 7 in Necromancy
  3111 | D:4      | Found an iron altar of Okawaru.
  3231 | D:4      | Noticed Dowan
  3246 | D:4      | You fall through a shaft for 3 floors!
  3259 | D:7      | Reached XP level 6. HP: 31/49 MP: 2/10
  3327 | D:7      | Learned a level 4 spell: Animate Dead
  3830 | D:6      | Lost dexterity.
  4001 | D:6      | HP: 1/49 [phantom (7)]
  4016 | D:5      | Entered Level 5 of the Dungeon
  4022 | D:5      | Noticed an ice beast
  4029 | D:5      | Killed an ice beast
  4052 | D:5      | Noticed Sigmund
  4076 | D:5      | HP: 2/49 [something (7)]
  4079 | D:5      | Noticed Menkaure
  4233 | D:4      | Found a staircase to the Ecumenical Temple.
  4244 | D:4      | Noticed Duvessa
  4249 | Temple   | Entered the Ecumenical Temple
  4365 | Temple   | Became a worshipper of Makhleb the Destroyer
  4405 | D:4      | HP: 1/49 [Duvessa/short sword (17)]
  4405 | D:4      | Mangled by Duvessa

Vault maps used:
D:1:      kilobyte_arrival_exit_the_forest
D:2:      first_bread, uniq_natasha
D:3:      lightli_corner_chamber
D:4:      okawaru_trees_1, uniq_duvessa
D:5:      minmay_diamond_boxcup, minmay_misc_feat_rows, tgw_xom, uniq_menkaure,
          uniq_sigmund, uniq_edmund
D:6:      hangedman_minor_gate_pass
D:7:      the_bakery
D:8:      kennysheep_windowed_goal, uniq_psyche
Temple:   kilobyte_greek_temple

Skill      XL: |  1  2  3  4  5 |
---------------+----------------+-----
Spellcasting   | 2 3 |  3.7
Necromancy     | 5 6 7 |  7.9
Dodging        | |  2.1
Stealth        | |  2.4

Action                   |  1- 3 |  4- 6 || total
-------------------------+-------+-------++-------
Melee: Short sword       |     5 |   212 ||   217
 Cast: Pain              |    49 |    52 ||   101
       Vampiric Draining |       |    29 ||    29
       Animate Dead      |       |     2 ||     2
 Abil: Device Recharging |       |     1 ||     1
Evoke: Wand              |       |     7 ||     7
  Use: Scroll            |       |    14 ||    14
       Potion            |       |     3 ||     3
  Eat: Chunk             |     2 |    10 ||    12
       Bread ration      |       |     1 ||     1
       Fruit             |       |     1 ||     1
Armor: Robe              |     4 |   352 ||   356
Dodge: Dodged            |     6 |   218 ||   224
